Penguins vs Capitals

Created - 5 février 2016 at 20:38

Goals
1 2 3 T
Penguins 1 2 1 4
Capitals 0 1 0 1
Shots
1 2 3 T
Penguins 10 7 9 26
Capitals 11 11 9 31

1st period

1. Penguins , Ryan Kesler 23 (Dustin Penner, Sean Zimmerman) at 2:12

Penalties :
Dustin Penner (Pit) for Hooking (Minor) at 18:00

2nd period

2. Capitals , Stephen Weiss 15 (Mark Streit, Patrik Elias) at 5:13
3. Penguins , Bobby Ryan 20 (Ryan Kesler, Brooks Orpik) at 7:14
4. Penguins , Nathan Horton 18 (Brendan Smith, Dustin Penner) at 15:46 (PP)

Penalties :
Nathan Horton (Pit) for Roughing (Minor) at 0:37, Bobby Ryan (Pit) for Holding (Minor) at 7:47, Thomas Vanek (Was) for Roughing (Minor) at 15:24

3rd period

5. Penguins , Steven Stamkos 22 (Simon Gagné, Nathan Horton) at 14:52

Penalties :
Thomas Vanek (Was) for Goalie Interference (Minor) at 2:38

Goalie Stats

Brian Elliott (Pit), 30 saves from 31 shots - (0,968), W, 27-14-3, 60:00 minutes
Jaroslav Halak (Was), 22 saves from 26 shots - (0,846), L, 21-17-6, 60:00 minutes

Players Stats for Penguins

Player Name              G  A  P  +/- PIM S  H  SB GA TA FO     MP     PP MP  PK MP  
------------------------------------------------------------------------------------
Bobby Ryan               1  0  1   2  2   5  0  0  2  1  1/3    18:09   1:18   1:12 
Brendan Smith            0  1  1   2  0   0  4  1  0  2  0/0    22:03   1:25   2:32 
Brent Sopel              0  0  0   0  0   1  1  3  0  2  0/0    13:28   1:25   0:00 
Brian McGrattan          0  0  0   0  0   0  0  0  1  0  0/0     7:58   0:00   0:00 
Brooks Orpik             0  1  1   2  0   0  0  3  0  2  0/0    23:49   0:00   2:32 
David Jones              0  0  0  -1  0   0  0  0  0  0  0/0    11:28   0:00   0:00 
Denis Arkhipov           0  0  0   0  0   0  0  1  0  0  1/2     9:17   0:00   1:19 
Dustin Penner            0  2  2   2  2   0  3  0  0  0  1/1    17:34   1:03   0:59 
Ladislav Nagy            0  0  0   0  0   0  0  0  0  0  1/1     8:25   0:00   0:27 
Luke Schenn              0  0  0   0  0   2  1  1  0  1  0/0    25:54   0:56   3:25 
Nathan Horton            1  1  2   1  2   1  1  1  1  0  0/0    18:51   1:03   1:13 
Oleg Kvasha              0  0  0  -1  0   0  1  0  0  0  3/8    11:38   0:00   0:09 
Paul Ranger              0  0  0   0  0   2  0  1  0  1  0/0    12:03   0:00   0:00 
Ryan Kesler              1  1  2   2  0   4  1  0  0  0  15/28  20:00   1:03   3:16 
Sean Zimmerman           0  1  1   0  0   2  1  0  0  2  0/0    22:43   0:56   3:25 
Simon Gagné              0  1  1   1  0   2  2  0  1  2  2/3    21:20   1:18   3:19 
Steve Sullivan           0  0  0  -1  0   1  0  1  1  0  0/1    11:28   0:00   0:00 
Steven Stamkos           1  0  1   1  0   6  3  1  0  0  8/17   17:52   1:18   0:00 

Players Stats for Capitals

Player Name              G  A  P  +/- PIM S  H  SB GA TA FO     MP     PP MP  PK MP  
------------------------------------------------------------------------------------
Alexandre Burrows        0  0  0   0  0   0  1  0  0  0  0/0     8:31   0:16   0:54 
Brent Seabrook           0  0  0  -1  0   1  1  2  0  1  0/0    27:13   3:41   1:48 
Brian Campbell           0  0  0  -1  0   0  1  2  2  0  0/0    19:57   2:16   0:33 
David Krejci             0  0  0   0  0   2  1  0  1  0  1/2     7:21   0:00   0:00 
Jakub Voracek            0  0  0   0  0   2  0  0  0  0  0/1     7:30   0:09   0:00 
James Neal               0  0  0  -1  0   3  1  0  1  0  0/0    13:16   0:16   0:36 
Jay Harrison             0  0  0   0  0   0  1  1  0  1  0/0    12:50   0:00   0:00 
Marek Zidlicky           0  0  0  -1  0   0  1  0  2  0  0/0    19:57   2:16   0:33 
Mark Giordano            0  0  0   0  0   3  0  1  0  3  0/0    12:50   0:00   0:00 
Mark Streit              0  1  1  -1  0   1  2  3  0  1  0/0    27:13   3:41   1:48 
Mikael Samuelsson        0  0  0  -1  0   2  1  2  0  0  0/0    13:31   0:00   1:07 
Patrik Elias             0  1  1   0  0   3  2  1  1  0  0/2    17:00   2:35   0:00 
Pavel Datsyuk            0  0  0  -1  0   2  2  0  1  0  21/34  22:00   3:06   1:22 
Phil Kessel              0  0  0  -1  0   4  1  0  3  0  0/2    20:45   3:13   0:00 
Ryan Callahan            0  0  0   0  0   1  3  0  0  0  1/1    17:00   2:35   0:00 
Stephen Weiss            1  0  1   0  0   3  2  1  1  0  5/13   17:00   2:35   0:00 
Thomas Vanek             0  0  0  -1  4   2  4  0  1  0  1/3    20:36   3:06   0:00 
Tyler Johnson            0  0  0  -1  0   2  0  1  0  0  3/6    13:07   0:00   0:43 

3 Stars

1 - Ryan Kesler (Pit)
2 - Brian Elliott (Pit)
3 - Steven Stamkos (Pit)

Power Play

Penguins - 1 on 2 Attempt(s) - 50,00%
Capitals - 0 on 3 Attempt(s) - 0,00%

Penalty Kill

Penguins - 3 on 3 Attempt(s) - 100,00% - Score 0 goal in Penalty Kill
Capitals - 1 on 2 Attempt(s) - 50,00% - Score 0 goal in Penalty Kill

Team Stat

Penguins - Hits : 18 - Faceoff Wins : 32 - Blocked Shots : 13 - Penalty Minutes : 6
Capitals - Hits : 24 - Faceoff Wins : 32 - Blocked Shots : 14 - Penalty Minutes : 4

Official

Referees : Furlatt Eric and StLaurent Francois
Linesman : Vaughan Rody and Greg Devorski

Game Notes

No Game Note

Finance

Level 1 -- Attendance: 5888 (98,13%) -- Ticket Income 453 376 $
Level 2 -- Attendance: 4396 (87,92%) -- Ticket Income 184 632 $
Level 3 -- Attendance: 2000 (100,00%) -- Ticket Income 54 000 $
Level 4 -- Attendance: 4000 (100,00%) -- Ticket Income 64 000 $
Luxury Box -- Attendance: 1000 (100,00%) -- Ticket Income 163 000 $
Game was played at the Verizon Center.
Total Attendance: 17284 (96,02%)
Total Ticket Income: 919 008 $
Other Income: 137 851 $
Total Income: 1 056 859 $

Penguins

5 vs 5 Forward 
   Center                   Left Wing                Right Wing               Time % Phy DF OF 
 1 Steven Stamkos           Simon Gagné              Nathan Horton            35     0   1  4  
 2 Ryan Kesler              Dustin Penner            Bobby Ryan               35     0   1  4  
 3 Oleg Kvasha              Steve Sullivan           David Jones              20     0   1  4  
 4 Denis Arkhipov           Ladislav Nagy            Brian McGrattan          10     0   1  4  

5 vs 5 Defense 
   Defense                  Defense                                           Time % Phy DF OF 
 1 Sean Zimmerman           Luke Schenn                                       35     0   2  3  
 2 Brooks Orpik             Brendan Smith                                     35     0   2  3  
 3 Paul Ranger              Brent Sopel                                       20     0   2  3  
 4 Brooks Orpik             Luke Schenn                                       10     0   2  3  

PowerPlay Forward 
   Center                   Left Wing                Right Wing               Time % Phy DF OF 
 1 Steven Stamkos           Simon Gagné              Bobby Ryan               50     0   0  5  
 2 Ryan Kesler              Dustin Penner            Nathan Horton            50     0   0  5  

PowerPlay Defense
   Defense                  Defense                                           Time % Phy DF OF 
 1 Sean Zimmerman           Luke Schenn                                       50     0   1  4  
 2 Brendan Smith            Brent Sopel                                       50     0   1  4  

Penalty Kill 4 Players Forward 
   Center                   Wing                     Time % Phy DF OF 
 1 Ryan Kesler              Simon Gagné              60     0   5  0  
 2 Nathan Horton            Bobby Ryan               40     0   5  0  

Penalty Kill 4 Players Defense
   Defense                  Defense                  Time % Phy DF OF 
 1 Sean Zimmerman           Luke Schenn              60     0   5  0  
 2 Brooks Orpik             Brendan Smith            40     0   5  0  

Penalty Kill - 3 Players Forward 
   Forward                                           Time % Phy DF OF 
 1 Simon Gagné                                       60     0   5  0  
 2 Nathan Horton                                     40     0   5  0  

Penalty Kill - 3 Players Defense
   Defense                  Defense                  Time % Phy DF OF 
 1 Sean Zimmerman           Luke Schenn              60     0   5  0  
 2 Brooks Orpik             Brendan Smith            40     0   5  0  

4 vs 4 Forward 
   Center                   Wing                     Time % Phy DF OF 
 1 Steven Stamkos           Simon Gagné              50     0   2  3  
 2 Ryan Kesler              Bobby Ryan               50     0   2  3  

4 vs 4 Defense
   Defense                  Defense                  Time % Phy DF OF 
 1 Sean Zimmerman           Luke Schenn              50     0   2  3  
 2 Brendan Smith            Brent Sopel              50     0   2  3  

Last Minutes Offensive
   Center                   Left Wing                Right Wing               Defense                  Defense                  
   Steven Stamkos           Simon Gagné              Bobby Ryan               Sean Zimmerman           Luke Schenn              

Last Minutes Defensive
   Center                   Left Wing                Right Wing               Defense                  Defense                  
   Ryan Kesler              Simon Gagné              Nathan Horton            Sean Zimmerman           Luke Schenn              

Goaltenders
Starting : Brian Elliott            
Backup : Josh Tordjman            

Extra Forwards
Normal : Ryan Kesler, Steven Stamkos, Bobby Ryan - PP : Ryan Kesler, Steven Stamkos - PK : Simon Gagné
Extra Defensemen
Normal : Luke Schenn, Sean Zimmerman, Brent Sopel - PP : Luke Schenn - PK : Sean Zimmerman, Brooks Orpik
Penalty Shots
Ryan Kesler, Simon Gagné, Nathan Horton, Bobby Ryan, Steven Stamkos

Capitals

5 vs 5 Forward 
   Center                   Left Wing                Right Wing               Time % Phy DF OF 
 1 Pavel Datsyuk            Thomas Vanek             Phil Kessel              40     1   2  2  
 2 Stephen Weiss            Patrik Elias             Ryan Callahan            30     1   2  2  
 3 Tyler Johnson            James Neal               Mikael Samuelsson        20     1   2  2  
 4 David Krejci             Alexandre Burrows        Jakub Voracek            10     1   2  2  

5 vs 5 Defense 
   Defense                  Defense                                           Time % Phy DF OF 
 1 Brent Seabrook           Mark Streit                                       40     1   2  2  
 2 Marek Zidlicky           Brian Campbell                                    30     1   2  2  
 3 Jay Harrison             Mark Giordano                                     20     1   2  2  
 4 Brent Seabrook           Mark Streit                                       10     1   2  2  

PowerPlay Forward 
   Center                   Left Wing                Right Wing               Time % Phy DF OF 
 1 Pavel Datsyuk            Thomas Vanek             Phil Kessel              60     1   2  2  
 2 Stephen Weiss            Patrik Elias             Ryan Callahan            40     1   2  2  

PowerPlay Defense
   Defense                  Defense                                           Time % Phy DF OF 
 1 Brent Seabrook           Mark Streit                                       60     1   2  2  
 2 Marek Zidlicky           Brian Campbell                                    40     1   2  2  

Penalty Kill 4 Players Forward 
   Center                   Wing                     Time % Phy DF OF 
 1 Pavel Datsyuk            Thomas Vanek             60     1   2  2  
 2 Stephen Weiss            Patrik Elias             40     1   2  2  

Penalty Kill 4 Players Defense
   Defense                  Defense                  Time % Phy DF OF 
 1 Brent Seabrook           Mark Streit              60     1   2  2  
 2 Marek Zidlicky           Brian Campbell           40     1   2  2  

Penalty Kill - 3 Players Forward 
   Forward                                           Time % Phy DF OF 
 1 Pavel Datsyuk                                     60     1   2  2  
 2 Thomas Vanek                                      40     1   2  2  

Penalty Kill - 3 Players Defense
   Defense                  Defense                  Time % Phy DF OF 
 1 Brent Seabrook           Mark Streit              60     1   2  2  
 2 Marek Zidlicky           Brian Campbell           40     1   2  2  

4 vs 4 Forward 
   Center                   Wing                     Time % Phy DF OF 
 1 Pavel Datsyuk            Thomas Vanek             60     1   2  2  
 2 Stephen Weiss            Patrik Elias             40     1   2  2  

4 vs 4 Defense
   Defense                  Defense                  Time % Phy DF OF 
 1 Brent Seabrook           Mark Streit              60     1   2  2  
 2 Marek Zidlicky           Brian Campbell           40     1   2  2  

Last Minutes Offensive
   Center                   Left Wing                Right Wing               Defense                  Defense                  
   Pavel Datsyuk            Thomas Vanek             Phil Kessel              Brent Seabrook           Mark Streit              

Last Minutes Defensive
   Center                   Left Wing                Right Wing               Defense                  Defense                  
   Pavel Datsyuk            Thomas Vanek             Phil Kessel              Brent Seabrook           Mark Streit              

Goaltenders
Starting : Jaroslav Halak           
Backup : Tim Thomas               

Extra Forwards
Normal : James Neal, Alexandre Burrows, Mikael Samuelsson - PP : James Neal, Alexandre Burrows - PK : Mikael Samuelsson
Extra Defensemen
Normal : Jay Harrison, Mark Giordano, Marek Zidlicky - PP : Jay Harrison - PK : Mark Giordano, Marek Zidlicky
Penalty Shots
Pavel Datsyuk, Thomas Vanek, Stephen Weiss, Patrik Elias, James Neal

% Time on Ice - Penguins

Lines # - Real PCT - Wanted PCT - Time Play
Normal Forward
1 - 32% - 35% - 16:43
2 - 30% - 35% - 15:33
3 - 22% - 20% - 11:28
4 - 15% - 10% - 7:58
Normal Defense
1 - 35% - 35% - 18:08
2 - 35% - 35% - 18:06
3 - 23% - 20% - 12:03
4 - 7% - 10% - 3:25
PP Forward
1 - 55% - 50% - 1:18
2 - 45% - 50% - 1:03
PP Defense
1 - 40% - 50% - 0:56
2 - 60% - 50% - 1:25
PK Forward
1 - 68% - 60% - 4:03
2 - 32% - 40% - 1:54
PK Defense
1 - 57% - 60% - 3:25
2 - 43% - 40% - 2:32
PK3 Forward
1 - 0% - 60%
2 - 0% - 40%
PK3 Defense
1 - 0% - 60%
2 - 0% - 40%
44 Forward
1 - 0% - 50%
2 - 0% - 50%
44 Defense
1 - 0% - 50%
2 - 0% - 50%
Last Minute Offensive  - 0:00
Last Minute Defensive  - 0:00
Total
Forward - 60:00
Defense - 60:00

% Time on Ice - Capitals

Lines # - Real PCT - Wanted PCT - Time Play
Normal Forward
1 - 34% - 40% - 17:32
2 - 28% - 30% - 14:25
3 - 24% - 20% - 12:24
4 - 14% - 10% - 7:21
Normal Defense
1 - 38% - 40% - 19:34
2 - 33% - 30% - 17:08
3 - 25% - 20% - 12:50
4 - 4% - 10% - 2:10
PP Forward
1 - 57% - 60% - 3:22
2 - 43% - 40% - 2:35
PP Defense
1 - 62% - 60% - 3:41
2 - 38% - 40% - 2:16
PK Forward
1 - 100% - 60% - 2:21
2 - 0% - 40% - 0:00
PK Defense
1 - 77% - 60% - 1:48
2 - 23% - 40% - 0:33
PK3 Forward
1 - 0% - 60%
2 - 0% - 40%
PK3 Defense
1 - 0% - 60%
2 - 0% - 40%
44 Forward
1 - 0% - 60%
2 - 0% - 40%
44 Defense
1 - 0% - 60%
2 - 0% - 40%
Last Minute Offensive  - 0:00
Last Minute Defensive  - 0:00
Total
Forward - 60:00
Defense - 60:00

Play by Play

1st period


0:01 of 1st period - Pavel Datsyuk wins face-off versus Steven Stamkos in neutral zone.
0:14 of 1st period - Snap shot by Pavel Datsyuk.
0:14 of 1st period - Stopped by Brian Elliott without a rebound.
0:15 of 1st period - Ryan Kesler wins face-off versus Patrik Elias in Penguins zone.
0:48 of 1st period - Off-side.
0:49 of 1st period - David Krejci wins face-off versus Denis Arkhipov in neutral zone.
0:56 of 1st period - Backhand shot by David Krejci.
0:56 of 1st period - Shot Blocked by Paul Ranger.
0:58 of 1st period - Slapshot by Mark Giordano.
0:58 of 1st period - Shot Blocked by Denis Arkhipov.
1:21 of 1st period - Slapshot by Thomas Vanek.
1:21 of 1st period - Shot Blocked by Brent Sopel.
1:35 of 1st period - Wrist shot by Bobby Ryan.
1:35 of 1st period - Stopped by Jaroslav Halak without a rebound.
1:36 of 1st period - Stephen Weiss wins face-off versus Ryan Kesler in Capitals zone.
1:36 of 1st period - Stephen Weiss is hit by Sean Zimmerman.
1:46 of 1st period - Wrist shot by Ryan Kesler.
1:46 of 1st period - Stopped by Jaroslav Halak with a rebound.
2:12 of 1st period - Wrist shot by Ryan Kesler.
2:12 of 1st period - Goal by Ryan Kesler - Penguins : 1 - Capitals : 0.
2:13 of 1st period - Pavel Datsyuk wins face-off versus Steve Sullivan in neutral zone.
3:11 of 1st period - Ladislav Nagy is hit by David Krejci and loses puck.
3:24 of 1st period - Backhand shot by Phil Kessel.
3:24 of 1st period - Stopped by Brian Elliott with a rebound.
4:11 of 1st period - Snap shot by Mikael Samuelsson.
4:11 of 1st period - Shot Misses the Net.
4:13 of 1st period - Wrist shot by David Krejci.
4:13 of 1st period - Stopped by Brian Elliott with a rebound.
4:15 of 1st period - Wrist shot by Mark Giordano.
4:15 of 1st period - Stopped by Brian Elliott without a rebound.
4:16 of 1st period - Oleg Kvasha wins face-off versus Pavel Datsyuk in Penguins zone.
5:30 of 1st period - Off-side.
5:31 of 1st period - Simon Gagné wins face-off versus Pavel Datsyuk in neutral zone.
6:11 of 1st period - Icing by Sean Zimmerman.
6:12 of 1st period - Stephen Weiss wins face-off versus Ryan Kesler in Penguins zone.
6:15 of 1st period - Wrist shot by Patrik Elias.
6:15 of 1st period - Shot Misses the Net.
6:23 of 1st period - Snap shot by Bobby Ryan.
6:23 of 1st period - Shot Blocked by Mark Streit.
6:25 of 1st period - Slapshot by Sean Zimmerman.
6:25 of 1st period - Stopped by Jaroslav Halak with a rebound.
6:27 of 1st period - Snap shot by Bobby Ryan.
6:27 of 1st period - Shot Blocked by Brent Seabrook.
6:29 of 1st period - Slapshot by Luke Schenn.
6:29 of 1st period - Shot Blocked by Patrik Elias.
6:31 of 1st period - Slapshot by Sean Zimmerman.
6:31 of 1st period - Stopped by Jaroslav Halak without a rebound.
6:32 of 1st period - Pavel Datsyuk wins face-off versus Steven Stamkos in Capitals zone.
6:37 of 1st period - Wrist shot by Thomas Vanek.
6:37 of 1st period - Shot Blocked by Brooks Orpik.
6:39 of 1st period - Slapshot by Phil Kessel.
6:39 of 1st period - Stopped by Brian Elliott with a rebound.
6:57 of 1st period - Brendan Smith is hit by Stephen Weiss and loses puck.
7:26 of 1st period - James Neal is hit by Brent Sopel and loses puck.
7:33 of 1st period - Brent Sopel is hit by James Neal and loses puck.
7:42 of 1st period - Backhand shot by Paul Ranger.
7:42 of 1st period - Deflect By Brent Seabrook.
7:42 of 1st period - Stopped by Jaroslav Halak without a rebound.
7:43 of 1st period - Pavel Datsyuk wins face-off versus Ryan Kesler in Capitals zone.
8:08 of 1st period - Oleg Kvasha is hit by Ryan Callahan and loses puck.
9:31 of 1st period - Brent Sopel is hit by Patrik Elias and loses puck.
10:38 of 1st period - Slapshot by Thomas Vanek.
10:38 of 1st period - Deflect By Phil Kessel.
10:38 of 1st period - Shot Misses the Net.
10:38 of 1st period - Puck is out of play.
10:39 of 1st period - Ryan Kesler wins face-off versus Stephen Weiss in Penguins zone.
10:46 of 1st period - Brian Campbell is hit by Ryan Kesler and loses puck.
12:27 of 1st period - Snap shot by Steven Stamkos.
12:27 of 1st period - Shot Misses the Net.
12:36 of 1st period - Snap shot by Steven Stamkos.
12:36 of 1st period - Stopped by Jaroslav Halak with a rebound.
12:50 of 1st period - Wrist shot by Ladislav Nagy.
12:50 of 1st period - Shot Misses the Net.
12:58 of 1st period - Wrist shot by James Neal.
12:58 of 1st period - Shot Blocked by Brooks Orpik.
13:00 of 1st period - Snap shot by Mark Giordano.
13:00 of 1st period - Deflect By Ladislav Nagy.
13:00 of 1st period - Stopped by Brian Elliott without a rebound.
13:01 of 1st period - Ryan Kesler wins face-off versus Stephen Weiss in Penguins zone.
13:31 of 1st period - Wrist shot by Jakub Voracek.
13:31 of 1st period - Stopped by Brian Elliott with a rebound.
13:53 of 1st period - Nathan Horton is hit by Phil Kessel and loses puck.
14:14 of 1st period - Snap shot by Oleg Kvasha.
14:14 of 1st period - Shot Blocked by Tyler Johnson.
14:16 of 1st period - Snap shot by Paul Ranger.
14:16 of 1st period - Shot Blocked by Brian Campbell.
14:18 of 1st period - Backhand shot by Brent Sopel.
14:18 of 1st period - Stopped by Jaroslav Halak with a rebound.
14:20 of 1st period - Slapshot by Paul Ranger.
14:20 of 1st period - Stopped by Jaroslav Halak without a rebound.
14:21 of 1st period - Steven Stamkos wins face-off versus Pavel Datsyuk in Capitals zone.
14:26 of 1st period - Slapshot by Steven Stamkos.
14:26 of 1st period - Stopped by Jaroslav Halak without a rebound.
14:27 of 1st period - Pavel Datsyuk wins face-off versus Steven Stamkos in Capitals zone.
14:27 of 1st period - Pavel Datsyuk is hit by Steven Stamkos.
14:41 of 1st period - Pavel Datsyuk is hit by Brendan Smith and loses puck.
15:02 of 1st period - Wrist shot by David Jones.
15:02 of 1st period - Shot Misses the Net.
15:38 of 1st period - Slapshot by Tyler Johnson.
15:38 of 1st period - Stopped by Brian Elliott without a rebound.
15:39 of 1st period - Denis Arkhipov wins face-off versus Tyler Johnson in Penguins zone.
16:04 of 1st period - Brent Sopel is hit by Ryan Callahan and loses puck.
17:09 of 1st period - Snap shot by Tyler Johnson.
17:09 of 1st period - Deflect By James Neal.
17:09 of 1st period - Stopped by Brian Elliott without a rebound.
17:10 of 1st period - Tyler Johnson wins face-off versus Simon Gagné in Penguins zone.
17:29 of 1st period - Slapshot by Mikael Samuelsson.
17:29 of 1st period - Stopped by Brian Elliott with a rebound.
17:43 of 1st period - Slapshot by Pavel Datsyuk.
17:43 of 1st period - Shot Misses the Net.
17:45 of 1st period - Slapshot by Mark Streit.
17:45 of 1st period - Deflect By Brooks Orpik.
17:45 of 1st period - Stopped by Brian Elliott without a rebound.
17:46 of 1st period - Pavel Datsyuk wins face-off versus Ryan Kesler in Penguins zone.
18:00 of 1st period - Minor Penalty to Dustin Penner for Hooking.
18:01 of 1st period - Ryan Kesler wins face-off versus Pavel Datsyuk in Penguins zone.
0:00 of 2nd period - Penalty to Dustin Penner is over, Dustin Penner is back on ice.
Goals for this period are 1 for Penguins vs 0 for Capitals.
Shots for this period are 10 for Penguins vs 11 for Capitals.

2nd period


0:01 of 2nd period - Steven Stamkos wins face-off versus Pavel Datsyuk in neutral zone.
0:09 of 2nd period - Icing by Brooks Orpik.
0:10 of 2nd period - Steven Stamkos wins face-off versus Phil Kessel in Penguins zone.
0:15 of 2nd period - Snap shot by Steven Stamkos.
0:15 of 2nd period - Stopped by Jaroslav Halak without a rebound.
0:16 of 2nd period - Pavel Datsyuk wins face-off versus Steven Stamkos in Capitals zone.
0:29 of 2nd period - Snap shot by Steven Stamkos.
0:29 of 2nd period - Shot Misses the Net.
0:37 of 2nd period - Minor Penalty to Nathan Horton for Roughing.
0:38 of 2nd period - Pavel Datsyuk wins face-off versus Ryan Kesler in Penguins zone.
0:39 of 2nd period - Wrist shot by Thomas Vanek.
0:39 of 2nd period - Stopped by Brian Elliott with a rebound.
1:35 of 2nd period - Marek Zidlicky is hit by Brendan Smith and loses puck.
2:37 of 2nd period - Penalty to Nathan Horton is over, Nathan Horton is back on ice.
3:07 of 2nd period - Off-side.
3:08 of 2nd period - Ryan Kesler wins face-off versus Jakub Voracek in neutral zone.
3:35 of 2nd period - Ryan Callahan is hit by Simon Gagné.
4:13 of 2nd period - Wrist shot by David Krejci.
4:13 of 2nd period - Stopped by Brian Elliott without a rebound.
4:14 of 2nd period - Bobby Ryan wins face-off versus David Krejci in Penguins zone.
4:14 of 2nd period - Bobby Ryan is hit by Brent Seabrook.
4:26 of 2nd period - Slapshot by David Krejci.
4:26 of 2nd period - Shot Misses the Net.
4:44 of 2nd period - Brooks Orpik is hit by Thomas Vanek and loses puck.
5:11 of 2nd period - Wrist shot by Stephen Weiss.
5:11 of 2nd period - Shot Misses the Net.
5:13 of 2nd period - Slapshot by Mark Streit.
5:13 of 2nd period - Deflect By Stephen Weiss.
5:13 of 2nd period - Goal by Stephen Weiss - Penguins : 1 - Capitals : 1.
5:14 of 2nd period - Pavel Datsyuk wins face-off versus Ryan Kesler in neutral zone.
5:31 of 2nd period - Bobby Ryan is hit by Thomas Vanek and loses puck.
5:54 of 2nd period - Slapshot by Nathan Horton.
5:54 of 2nd period - Deflect By Steven Stamkos.
5:54 of 2nd period - Shot Blocked by Stephen Weiss.
5:54 of 2nd period - Puck is out of play.
5:55 of 2nd period - Thomas Vanek wins face-off versus Oleg Kvasha in Capitals zone.
6:06 of 2nd period - Wrist shot by Brent Seabrook.
6:06 of 2nd period - Stopped by Brian Elliott without a rebound.
6:07 of 2nd period - Ryan Kesler wins face-off versus Thomas Vanek in Penguins zone.
6:12 of 2nd period - Brent Seabrook is hit by Luke Schenn and loses puck.
6:35 of 2nd period - Slapshot by Steven Stamkos.
6:35 of 2nd period - Stopped by Jaroslav Halak with a rebound.
7:02 of 2nd period - Off-side.
7:03 of 2nd period - Pavel Datsyuk wins face-off versus Ryan Kesler in neutral zone.
7:14 of 2nd period - Slapshot by Bobby Ryan.
7:14 of 2nd period - Goal by Bobby Ryan - Penguins : 2 - Capitals : 1.
7:15 of 2nd period - Steven Stamkos wins face-off versus Pavel Datsyuk in neutral zone.
7:20 of 2nd period - Slapshot by Simon Gagné.
7:20 of 2nd period - Stopped by Jaroslav Halak without a rebound.
7:21 of 2nd period - Steven Stamkos wins face-off versus Pavel Datsyuk in Capitals zone.
7:47 of 2nd period - Minor Penalty to Bobby Ryan for Holding.
7:48 of 2nd period - Ryan Kesler wins face-off versus Pavel Datsyuk in Penguins zone.
7:59 of 2nd period - Snap shot by Pavel Datsyuk.
7:59 of 2nd period - Stopped by Brian Elliott with a rebound.
8:01 of 2nd period - Snap shot by Phil Kessel.
8:01 of 2nd period - Stopped by Brian Elliott without a rebound.
8:02 of 2nd period - Ryan Kesler wins face-off versus Pavel Datsyuk in Penguins zone.
8:15 of 2nd period - Snap shot by Thomas Vanek.
8:15 of 2nd period - Shot Misses the Net.
8:17 of 2nd period - Slapshot by Mark Streit.
8:17 of 2nd period - Shot Misses the Net.
9:26 of 2nd period - Brendan Smith is hit by Thomas Vanek and loses puck.
9:47 of 2nd period - Penalty to Bobby Ryan is over, Bobby Ryan is back on ice.
10:27 of 2nd period - Snap shot by Jakub Voracek.
10:27 of 2nd period - Stopped by Brian Elliott without a rebound.
10:28 of 2nd period - Tyler Johnson wins face-off versus Oleg Kvasha in Penguins zone.
10:29 of 2nd period - Snap shot by James Neal.
10:29 of 2nd period - Deflect By Mikael Samuelsson.
10:29 of 2nd period - Stopped by Brian Elliott with a rebound.
10:31 of 2nd period - Slapshot by James Neal.
10:31 of 2nd period - Stopped by Brian Elliott without a rebound.
10:32 of 2nd period - Oleg Kvasha wins face-off versus Tyler Johnson in Penguins zone.
10:37 of 2nd period - Slapshot by Luke Schenn.
10:37 of 2nd period - Shot Misses the Net.
10:39 of 2nd period - Slapshot by Luke Schenn.
10:39 of 2nd period - Shot Blocked by Brian Campbell.
10:41 of 2nd period - Slapshot by Steve Sullivan.
10:41 of 2nd period - Deflect By Oleg Kvasha.
10:41 of 2nd period - Shot Misses the Net.
10:41 of 2nd period - Puck is out of play.
10:42 of 2nd period - Pavel Datsyuk wins face-off versus Ryan Kesler in Capitals zone.
10:51 of 2nd period - Snap shot by Dustin Penner.
10:51 of 2nd period - Shot Misses the Net.
11:11 of 2nd period - Slapshot by Tyler Johnson.
11:11 of 2nd period - Stopped by Brian Elliott with a rebound.
11:29 of 2nd period - Sean Zimmerman is hit by Stephen Weiss and loses puck.
12:00 of 2nd period - Snap shot by Pavel Datsyuk.
12:00 of 2nd period - Shot Blocked by Steve Sullivan.
13:12 of 2nd period - Phil Kessel is hit by Brendan Smith and loses puck.
13:21 of 2nd period - Thomas Vanek is hit by Brendan Smith and loses puck.
13:39 of 2nd period - Slapshot by Nathan Horton.
13:39 of 2nd period - Deflect By Steven Stamkos.
13:39 of 2nd period - Shot Misses the Net.
13:39 of 2nd period - Puck is out of play.
13:40 of 2nd period - Stephen Weiss wins face-off versus Ryan Kesler in Capitals zone.
13:45 of 2nd period - Bobby Ryan is hit by Mark Streit and loses puck.
14:06 of 2nd period - Brent Seabrook is hit by Steven Stamkos and loses puck.
14:53 of 2nd period - Ladislav Nagy is hit by Mark Streit and loses puck.
15:09 of 2nd period - Snap shot by Patrik Elias.
15:09 of 2nd period - Stopped by Brian Elliott without a rebound.
15:10 of 2nd period - Ryan Kesler wins face-off versus Stephen Weiss in Penguins zone.
15:21 of 2nd period - Snap shot by Ryan Kesler.
15:21 of 2nd period - Stopped by Jaroslav Halak without a rebound.
15:22 of 2nd period - Pavel Datsyuk wins face-off versus Steven Stamkos in Capitals zone.
15:24 of 2nd period - Minor Penalty to Thomas Vanek for Roughing.
15:25 of 2nd period - Pavel Datsyuk wins face-off versus Steven Stamkos in Capitals zone.
15:42 of 2nd period - Snap shot by Luke Schenn.
15:42 of 2nd period - Deflect By Steven Stamkos.
15:42 of 2nd period - Shot Blocked by Mikael Samuelsson.
15:42 of 2nd period - Puck is out of play.
15:43 of 2nd period - Ryan Kesler wins face-off versus Pavel Datsyuk in Capitals zone.
15:44 of 2nd period - Snap shot by Dustin Penner.
15:44 of 2nd period - Shot Blocked by Mikael Samuelsson.
15:46 of 2nd period - Slapshot by Brendan Smith.
15:46 of 2nd period - Deflect By Nathan Horton.
15:46 of 2nd period - Goal by Nathan Horton - Penguins : 3 - Capitals : 1.
15:47 of 2nd period - Steven Stamkos wins face-off versus Pavel Datsyuk in neutral zone.
16:20 of 2nd period - Slapshot by Brooks Orpik.
16:20 of 2nd period - Deflect By Dustin Penner.
16:20 of 2nd period - Shot Misses the Net.
16:20 of 2nd period - Puck is out of play.
16:21 of 2nd period - Ryan Kesler wins face-off versus Stephen Weiss in Capitals zone.
16:28 of 2nd period - Snap shot by Dustin Penner.
16:28 of 2nd period - Shot Misses the Net.
16:36 of 2nd period - Snap shot by Marek Zidlicky.
16:36 of 2nd period - Shot Blocked by Brendan Smith.
16:50 of 2nd period - Snap shot by Steve Sullivan.
16:50 of 2nd period - Stopped by Jaroslav Halak without a rebound.
16:51 of 2nd period - Pavel Datsyuk wins face-off versus Oleg Kvasha in Capitals zone.
17:06 of 2nd period - Wrist shot by Pavel Datsyuk.
17:06 of 2nd period - Deflect By Thomas Vanek.
17:06 of 2nd period - Shot Misses the Net.
17:06 of 2nd period - Puck is out of play.
17:07 of 2nd period - Ryan Kesler wins face-off versus Stephen Weiss in Penguins zone.
17:46 of 2nd period - Thomas Vanek is hit by Steven Stamkos and loses puck.
19:07 of 2nd period - Wrist shot by Steven Stamkos.
19:07 of 2nd period - Shot Blocked by Jay Harrison.
Goals for this period are 2 for Penguins vs 1 for Capitals.
Shots for this period are 7 for Penguins vs 11 for Capitals.

3rd period


0:01 of 3rd period - Pavel Datsyuk wins face-off versus Steven Stamkos in neutral zone.
0:07 of 3rd period - Wrist shot by Phil Kessel.
0:07 of 3rd period - Stopped by Brian Elliott with a rebound.
0:15 of 3rd period - Slapshot by Thomas Vanek.
0:15 of 3rd period - Stopped by Brian Elliott with a rebound.
0:32 of 3rd period - Snap shot by Bobby Ryan.
0:32 of 3rd period - Stopped by Jaroslav Halak with a rebound.
0:34 of 3rd period - Snap shot by Ryan Kesler.
0:34 of 3rd period - Stopped by Jaroslav Halak with a rebound.
0:36 of 3rd period - Slapshot by Luke Schenn.
0:36 of 3rd period - Stopped by Jaroslav Halak with a rebound.
0:56 of 3rd period - Wrist shot by Tyler Johnson.
0:56 of 3rd period - Deflect By James Neal.
0:56 of 3rd period - Stopped by Brian Elliott with a rebound.
0:58 of 3rd period - Snap shot by Tyler Johnson.
0:58 of 3rd period - Shot Blocked by Brent Sopel.
1:36 of 3rd period - Snap shot by Bobby Ryan.
1:36 of 3rd period - Stopped by Jaroslav Halak without a rebound.
1:37 of 3rd period - Stephen Weiss wins face-off versus Steven Stamkos in Capitals zone.
1:37 of 3rd period - Stephen Weiss is hit by Nathan Horton.
1:45 of 3rd period - Wrist shot by Patrik Elias.
1:45 of 3rd period - Stopped by Brian Elliott without a rebound.
1:46 of 3rd period - Steven Stamkos wins face-off versus Patrik Elias in Penguins zone.
2:19 of 3rd period - Snap shot by Patrik Elias.
2:19 of 3rd period - Stopped by Brian Elliott with a rebound.
2:21 of 3rd period - Snap shot by Mark Giordano.
2:21 of 3rd period - Stopped by Brian Elliott with a rebound.
2:23 of 3rd period - Slapshot by Mark Giordano.
2:23 of 3rd period - Shot Misses the Net.
2:25 of 3rd period - Slapshot by Mark Giordano.
2:25 of 3rd period - Deflect By Stephen Weiss.
2:25 of 3rd period - Stopped by Brian Elliott without a rebound.
2:26 of 3rd period - Pavel Datsyuk wins face-off versus Ryan Kesler in Penguins zone.
2:38 of 3rd period - Minor Penalty to Thomas Vanek for Goalie Interference.
2:39 of 3rd period - Pavel Datsyuk wins face-off versus Ryan Kesler in Capitals zone.
3:12 of 3rd period - Bobby Ryan is hit by Pavel Datsyuk and loses puck.
4:38 of 3rd period - Penalty to Thomas Vanek is over, Thomas Vanek is back on ice.
5:55 of 3rd period - Brian McGrattan is hit by Mikael Samuelsson and loses puck.
6:06 of 3rd period - Mark Giordano is hit by Dustin Penner and loses puck.
6:38 of 3rd period - Off-side.
6:39 of 3rd period - Oleg Kvasha wins face-off versus Tyler Johnson in neutral zone.
6:52 of 3rd period - Steve Sullivan is hit by Jay Harrison and loses puck.
7:26 of 3rd period - Brendan Smith is hit by Pavel Datsyuk and loses puck.
7:37 of 3rd period - Slapshot by Brooks Orpik.
7:37 of 3rd period - Shot Misses the Net.
8:26 of 3rd period - Snap shot by Nathan Horton.
8:26 of 3rd period - Shot Misses the Net.
8:28 of 3rd period - Slapshot by Luke Schenn.
8:28 of 3rd period - Stopped by Jaroslav Halak without a rebound.
8:29 of 3rd period - Pavel Datsyuk wins face-off versus Steven Stamkos in Capitals zone.
8:38 of 3rd period - Slapshot by Brian Campbell.
8:38 of 3rd period - Shot Blocked by Steven Stamkos.
8:40 of 3rd period - Slapshot by Brian Campbell.
8:40 of 3rd period - Shot Blocked by Brent Sopel.
8:42 of 3rd period - Wrist shot by Thomas Vanek.
8:42 of 3rd period - Shot Misses the Net.
9:01 of 3rd period - Patrik Elias is hit by Dustin Penner and loses puck.
9:17 of 3rd period - Off-side.
9:18 of 3rd period - Tyler Johnson wins face-off versus Oleg Kvasha in neutral zone.
9:43 of 3rd period - Brooks Orpik is hit by Brian Campbell and loses puck.
10:03 of 3rd period - Snap shot by David Jones.
10:03 of 3rd period - Deflect By Steve Sullivan.
10:03 of 3rd period - Shot Misses the Net.
10:03 of 3rd period - Puck is out of play.
10:04 of 3rd period - Dustin Penner wins face-off versus Pavel Datsyuk in Capitals zone.
10:18 of 3rd period - Wrist shot by Ryan Kesler.
10:18 of 3rd period - Shot Blocked by Mark Streit.
10:35 of 3rd period - Off-side.
10:36 of 3rd period - Steven Stamkos wins face-off versus Stephen Weiss in neutral zone.
10:50 of 3rd period - Slapshot by Brian Campbell.
10:50 of 3rd period - Deflect By Ryan Callahan.
10:50 of 3rd period - Stopped by Brian Elliott without a rebound.
10:51 of 3rd period - Ryan Kesler wins face-off versus Thomas Vanek in Penguins zone.
11:02 of 3rd period - Snap shot by Thomas Vanek.
11:02 of 3rd period - Shot Misses the Net.
11:04 of 3rd period - Slapshot by Mark Streit.
11:04 of 3rd period - Shot Misses the Net.
11:06 of 3rd period - Snap shot by Mark Streit.
11:06 of 3rd period - Shot Blocked by Luke Schenn.
11:47 of 3rd period - Off-side.
11:48 of 3rd period - Ryan Kesler wins face-off versus Phil Kessel in neutral zone.
12:13 of 3rd period - Marek Zidlicky is hit by Simon Gagné and loses puck.
12:18 of 3rd period - Wrist shot by Simon Gagné.
12:18 of 3rd period - Stopped by Jaroslav Halak with a rebound.
12:20 of 3rd period - Slapshot by Steven Stamkos.
12:20 of 3rd period - Stopped by Jaroslav Halak without a rebound.
12:21 of 3rd period - Simon Gagné wins face-off versus Pavel Datsyuk in Capitals zone.
13:48 of 3rd period - Wrist shot by Simon Gagné.
13:48 of 3rd period - Shot Misses the Net.
14:04 of 3rd period - Backhand shot by Tyler Johnson.
14:04 of 3rd period - Shot Misses the Net.
14:38 of 3rd period - Wrist shot by Simon Gagné.
14:38 of 3rd period - Shot Blocked by Brent Seabrook.
14:40 of 3rd period - Snap shot by Simon Gagné.
14:40 of 3rd period - Shot Misses the Net.
14:44 of 3rd period - Snap shot by Simon Gagné.
14:44 of 3rd period - Shot Blocked by Mark Streit.
14:52 of 3rd period - Snap shot by Steven Stamkos.
14:52 of 3rd period - Goal by Steven Stamkos - Penguins : 4 - Capitals : 1.
14:53 of 3rd period - Pavel Datsyuk wins face-off versus Ryan Kesler in neutral zone.
15:46 of 3rd period - Ladislav Nagy is hit by Alexandre Burrows and loses puck.
16:21 of 3rd period - Slapshot by Stephen Weiss.
16:21 of 3rd period - Shot Hit the Post.
16:51 of 3rd period - Phil Kessel is hit by Dustin Penner.
17:01 of 3rd period - Bobby Ryan is hit by Marek Zidlicky and loses puck.
17:29 of 3rd period - Dustin Penner is hit by Patrik Elias and loses puck.
17:40 of 3rd period - Jay Harrison is hit by Oleg Kvasha and loses puck.
18:08 of 3rd period - Backhand shot by Ladislav Nagy.
18:08 of 3rd period - Shot Blocked by Mark Giordano.
18:23 of 3rd period - Icing by Brendan Smith.
18:24 of 3rd period - Ryan Callahan wins face-off versus Oleg Kvasha in Penguins zone.
18:27 of 3rd period - Wrist shot by Stephen Weiss.
18:27 of 3rd period - Stopped by Brian Elliott without a rebound.
18:28 of 3rd period - Ladislav Nagy wins face-off versus Stephen Weiss in Penguins zone.
19:00 of 3rd period - Off-side.
19:01 of 3rd period - Pavel Datsyuk wins face-off versus Bobby Ryan in neutral zone.
19:10 of 3rd period - Dustin Penner is hit by Thomas Vanek and loses puck.
19:33 of 3rd period - Wrist shot by Patrik Elias.
19:33 of 3rd period - Shot Misses the Net.
19:35 of 3rd period - Slapshot by Brian Campbell.
19:35 of 3rd period - Shot Blocked by Nathan Horton.
19:37 of 3rd period - Slapshot by Stephen Weiss.
19:37 of 3rd period - Deflect By Ryan Callahan.
19:37 of 3rd period - Shot Blocked by Brooks Orpik.
19:37 of 3rd period - Puck is out of play.
19:38 of 3rd period - Stephen Weiss wins face-off versus Ryan Kesler in Penguins zone.
19:39 of 3rd period - Snap shot by Ryan Callahan.
19:39 of 3rd period - Deflect By Ryan Kesler.
19:39 of 3rd period - Shot Misses the Net.
19:39 of 3rd period - Puck is out of play.
19:40 of 3rd period - Ryan Kesler wins face-off versus Stephen Weiss in Penguins zone.
19:40 of 3rd period - Ryan Kesler is hit by Ryan Callahan.
19:50 of 3rd period - Wrist shot by Bobby Ryan.
19:50 of 3rd period - Stopped by Jaroslav Halak with a rebound.
19:52 of 3rd period - Slapshot by Paul Ranger.
19:52 of 3rd period - Deflect By Ryan Kesler.
19:52 of 3rd period - Shot Misses the Net.
19:52 of 3rd period - Puck is out of play.
19:53 of 3rd period - Pavel Datsyuk wins face-off versus Bobby Ryan in Capitals zone.
Goals for this period are 1 for Penguins vs 0 for Capitals.
Shots for this period are 9 for Penguins vs 9 for Capitals.